 Dungeon Crawl Stone Soup version 0.31-a0-133-gaae73658be (webtiles) character file.

Game seed: 3854137974819419832

821 NoAnimeNoLife the Magician (level 7, -19/46 HPs)
             Began as a Mummy Earth Elementalist on June 2, 2023.
             Was an Initiate of Gozag.
             Demolished by an orc warrior
             ... wielding a +0 halberd
              (24 damage)
             ... on level 6 of the Dungeon.
             The game lasted 00:05:46 (5887 turns).

NoAnimeNoLife the Magician (MuEE)                   Turns: 5887, Time: 00:05:46

Health: -19/46     AC:  3    Str: 11    XL:     7   Next: 63%
Magic:  11/16      EV: 12    Int: 16    God:    Gozag
Gold:   331        SH:  0    Dex: 13    Spells: 15/19 levels left

rFire   x . .        k - +0 dagger (speed)
rCold   + . .        (no shield)
rNeg    + + +        a - +0 robe
rPois   ∞            h - +0 helmet
rElec   .            (no cloak)
rCorr   .            (no gloves)
SInv    .            (no boots)
Will    .....        (no amulet)
Stlth   ++           (no ring)
HPRegen 0.27/turn    (no ring)
MPRegen 0.15/turn

%: faith
@: no status effects
A: cold resistance 1, negative energy resistance 3, torment resistance 2, heat
vulnerability 1, in touch with death 1, no potions, faith
a: Renounce Religion, Potion Petition, Call Merchant, Bribe Branch


You were on level 6 of the Dungeon.
You worshipped Gozag.
Gozag was aware of your devotion.
You visited 1 branch of the dungeon, and saw 6 of its levels.

You collected 432 gold pieces.
You paid 101 gold pieces to Gozag.

Inventory:

Hand Weapons
 c - a +0 dagger
 k - a +0 dagger of speed (weapon)
Armour
 a - a +0 robe (worn)
 h - a +0 helmet (worn)
Jewellery
 e - an amulet of the acrobat
 j - a ring of see invisible
Wands
 i - a wand of roots (14)
Scrolls
 b - 4 scrolls of immolation {unknown}
 d - a scroll of brand weapon
 f - a scroll of enchant armour {unknown}
 g - a scroll of noise
 l - 2 scrolls of teleportation
 m - a scroll of fear {unknown}
 n - a scroll of acquirement {unknown}


   Skills:
 - Level 1.5 Dodging
 - Level 1.5 Stealth
 + Level 6.5 Spellcasting
 + Level 3.9 Conjurations
 - Level 0.7 Transmutations
 + Level 4.8 Earth Magic


You had 15 spell levels left.
You knew the following spells:

 Your Spells              Type           Power      Damage    Failure   Level
a - Sandblast             Erth           40%        2d10      1%          1
b - Stone Arrow           Conj/Erth      38%        3d9       7%          3

Your spell library contained the following spells:

 Spells                   Type           Power      Damage    Failure   Level
 Passwall                 Tmut/Erth      11%        N/A       6%          2
 Ensorcelled Hibernation  Hex/Ice        10%        N/A       21%         2
 Ignite Poison            Fire/Tmut/Pois 6%         N/A       34%         3
 Swiftness                Air            5%         N/A       36%         3
 Petrify                  Tmut/Erth      14%        N/A       38%         4
 Sticky Flame             Conj/Fire      11%        2d3       50%         4
 Ignition                 Fire           2%         3d3       100%        8


Dungeon Overview and Level Annotations

Branches:
Dungeon (6/15)             Temple (0/1) D:5

Altars:
Gozag
Hepliaklqana
Makhleb

Annotations:
D:3 2 transporters


Innate Abilities, Weirdness & Mutations

You are immune to poison.
Your flesh is cold resistant. (rC+)
You are immune to negative energy. (rN+++)
You are immune to unholy pain and torment.
You are vulnerable to heat. (rF-)
You are in touch with the powers of death.
You do not drink.
You have a special connection with the divine. (Faith)


Message History

You see here a fizzy orange potion.
You now have 331 gold pieces (gained 13).
i - a wand of roots (15) (gained 5 charges)
b - 4 scrolls labelled ATAGIRGH SUAKO (gained 1)
There is an open door here.
An orc warrior comes into view. It is wielding a +0 halberd.
The orc warrior shouts!
You hear a shout!
An orc warrior is nearby!
An orc warrior is nearby!
The blast of sand hits the orc warrior but does no damage.
The orc warrior misses you.
The orc warrior hits you from afar with a +0 halberd!
The blast of sand hits the orc warrior but does no damage.
The orc warrior drinks a potion.
The orc warrior seems to grow stronger.
Casting: Sandblast (safe; 1% risk of failure)
Confirm with . or Enter, or press ? or * to list all spells.
Aiming: Stone Arrow (dangerous; 7% risk of failure)
Press: ? - help, Shift-Dir - straight line, f/p - orc warrior
Aim: an orc warrior, wielding a +0 halberd and wearing a +0 chain mail (strong, 64% to hit)
The stone arrow hits the orc warrior!
The orc warrior is heavily wounded.
You hear a shout!
The orc warrior hits you from afar with a +0 halberd!!
Ouch! That really hurt!
* * * LOW HITPOINT WARNING * * *
An orc comes into view.
It is wielding a +0 mace and wearing a +3 leather armour of fire resistance.
You hear a shout!
Okay, then.
Aiming: Fastroot
Press: ? - help, Shift-Dir - straight line, f/p - orc warrior
Aim: an orc warrior, wielding a +0 halberd and wearing a +0 chain mail (heavily wounded, strong)
The roots erupt in riotous growth!
Roots grab the orc warrior.
Roots grab the orc.
The grasping roots constrict the orc warrior.
The grasping roots constrict the orc.
You hear a shout! x2
The orc warrior hits you from afar with a +0 halberd!!
Ouch! That really hurt!
You die...
Your body crumbles into a pile of gold.

## ## ## .# .##
.### o#.. ###...
#o.###....#
##.##.##..#
#.@....#.#
#.....#'#...# .. .
#.#####.##..# .#..
# #..#.!.##.# .#..
##......#.# ....
########.######.#..
................#.#
...................
#########.##.#..###


You could see an orc warrior (strong, rooted) and an orc (rooted).

Vanquished Creatures
  An ice beast (D:5)
  An ogre (D:6)
  A gnoll sergeant (D:5)
  2 scorpions (D:5)
  3 killer bees (D:4)
  3 iron imps (D:3)
  A hound (D:4)
  8 gnolls
  3 adders
  4 worms
  4 dart slugs
  3 orcs
  4 bats (D:1)
  8 endoplasms
  3 giant cockroaches
  4 goblins
  7 hobgoblins
  2 quokkas
  4 ball pythons
  4 frilled lizards
  8 kobolds
  5 rats
83 creatures vanquished.

Vanquished Creatures (others)
  An orc wizard (D:5)
  A quokka (D:5)
2 creatures vanquished.

Grand Total: 85 creatures vanquished

Notes
Turn   | Place    | Note
-------+----------+-------------------------------------------
     0 | D:1      | NoAnimeNoLife the Mummy Earth Elementalist began the quest
                  | for the Orb.
     0 | D:1      | Reached XP level 1. HP: 13/13 MP: 4/4
   130 | D:1      | Found a faded altar of an unknown god.
   327 | D:1      | Reached skill level 3 in Spellcasting
   363 | D:1      | Reached XP level 2. HP: 19/19 MP: 4/6
   791 | D:1      | Reached skill level 1 in Conjurations
   878 | D:1      | Gained mutation: You are in touch with the powers of death.
                  | [Mummy growth]
   878 | D:1      | Reached XP level 3. HP: 24/24 MP: 5/7
  1371 | D:2      | You fall into a shaft and drop 1 floor!
  2447 | D:3      | Reached XP level 4. HP: 23/30 MP: 5/9
  2546 | D:3      | Reached skill level 4 in Spellcasting
  2949 | D:3      | Found a transporter.
  3027 | D:3      | Found a transporter.
  3154 | D:3      | Found a burning altar of Makhleb.
  3312 | D:3      | Reached XP level 5. HP: 35/35 MP: 7/11
  3753 | D:4      | Reached skill level 5 in Spellcasting
  3753 | D:4      | Reached XP level 6. HP: 8/41 MP: 7/13
  3767 | D:4      | Learned a level 3 spell: Stone Arrow
  4674 | D:4      | Found an opulent altar of Gozag.
  4800 | D:4      | Became a worshipper of Gozag Ym Sagoz the Greedy
  5003 | D:5      | Entered Level 5 of the Dungeon
  5108 | D:5      | Found a staircase to the Ecumenical Temple.
  5120 | D:5      | Noticed an ice beast
  5125 | D:5      | Killed an ice beast
  5126 | D:5      | Reached XP level 7. HP: 46/46 MP: 8/15
  5307 | D:5      | Reached skill level 6 in Spellcasting
  5684 | D:5      | Found a hazy altar of Hepliaklqana.
  5887 | D:6      | Demolished by an orc warrior

Illustrated notes

Levels and vault maps discovered:
D:1:      dpeg_arrival_simpleton_c, layout_loops_corners,
          ebering_ecumenical_altar_sacrificial
D:2:      layout_rooms
D:3:      layout_basic, demons_altar, gammafunk_ghost_gnarly_gnolls
D:4:      minmay_general_purpose_star, layout_rooms,
          mainiacjoe_overflow_boulevard, mainiacjoe_overflow_catwalk,
          serial_co_window_serial, co_window_of_opportunity_a,
          co_window_paths_b, co_window_of_opportunity_a,
          co_window_of_opportunity_a, co_window_paths_a, co_window_paths_b,
          co_window_corner_a, co_window_paths_b, co_window_paths_b,
          co_window_broadway_a, co_window_corner_ca, co_window_paths_c,
          co_window_4corner_b, glass_columns_a, glass_columns_a,
          glass_columns_a, glass_columns_c
D:5:      layout_rooms, mainiacjoe_overflow_alcove_1, elyvilon_altar_4,
          temple_doors_e, minmay_crystal_water
D:6:      layout_loops_cross, tgw_sif, minmay_pentangle

Skill      XL: |  1  2  3  4  5  6  7 |
---------------+----------------------+-----
Spellcasting   | 3 4 5 6 |  6.5
Conjurations   | 1 2 3 |  3.9
Earth Magic    | 3 4 |  4.8
Dodging        | |  1.5
Stealth        | |  1.5
Transmutations | |  0.7

Action                     |  1- 3 |  4- 6 |  7- 9 || total
---------------------------+-------+-------+-------++-------
  Melee: Unarmed           |     2 |       |       ||     2
         Dagger            |    11 |    10 |       ||    21
   Cast: Sandblast         |    62 |    84 |    29 ||   175
         Stone Arrow       |       |     6 |     7 ||    13
  Evoke: Wand              |       |     1 |     1 ||     2
    Use: Scroll            |       |     5 |       ||     5
   Stab: Sleeping          |     1 |       |       ||     1
 Armour: Robe              |     9 |    12 |     3 ||    24
  Dodge: Dodged            |    18 |    44 |     9 ||    71

Table legend: (Time is in decaauts)
 A = Elapsed time spent in this place.
 B = Non-inter-level travel time spent in this place.
 C = Inter-level travel time spent in this place.
 D = Time resting spent in this place.
 E = Time spent auto-exploring this place.
 F = Levels seen in this place.
 G = Mean time per level.
                   A        B        C        D        E       F      G
               +--------+--------+--------+--------+--------+-----+--------+
         Total |   5978 |   5744 |    234 |   1198 |   3719 |   6 |  996.3 |
       Dungeon |   5978 |   5744 |    234 |   1198 |   3719 |   6 |  996.3 |
               +--------+--------+--------+--------+--------+-----+--------+

Top non-repeatable levels by time:
     D:3: 1978 daAuts
     D:4: 1338 daAuts
     D:1: 1050 daAuts
     D:5: 832 daAuts
     D:2: 706 daAuts
     D:6: 72 daAuts
